 Dungeon Crawl Stone Soup version 0.24.0-123-gd5b16e6ec5 (webtiles) character file.

Game seed: 770499945297665319, levelgen mode: deterministic

381468 FishyPogo the Hoplite (level 21, -7/178 HPs)
             Began as a Demonspawn Fighter on Jan 26, 2020.
             Was the Champion of Makhleb.
             Shot with an arrow by a deep elf master archer (30 damage)
             ... on level 3 of the Elven Halls.
             The game lasted 03:48:04 (45269 turns).

FishyPogo the Hoplite (Demonspawn Fighter)         Turns: 45269, Time: 03:48:04

Health: -7/178     AC: 24    Str: 27    XL:     21   Next: 91%
Magic:  30/30      EV: 11    Int: 14    God:    Makhleb [******]
Gold:   2618       SH: 25    Dex: 20    Spells: 20/20 levels left

rFire    + . .     SeeInvis +   a - +9 short sword "Corgh" {vamp, rElec rF+ rC+}
rCold    + + +     Gourm    .   k - +5 shield
rNeg     + . .     Faith    .   v - +0 faerie dragon scales {rC+ MR+ rCorr Clar}
rPois    +         Spirit   .   (helmet unavailable)
rElec    +         Reflect  +   L - +2 cloak {MR+}
rCorr    +         Harm     .   Z - +2 pair of gloves
MR       +++..     Clarity  +   g - +2 pair of boots
Stlth    ++........             X - amulet "Baidui" {Reflect rC+ rN+ SH+3 Stlth+}
HPRegen  0.39/turn              E - ring of Kasimuch {rPois Str+3 Int+3 SInv}
MPRegen  0.22/turn              W - +6 ring of dexterity

@: studying 2 skills
A: horns 3, icy blue scales 2, blurry vision 2, demonic guardian 3, low mp 1,
spiny 2, augmentation 2
}: 2/15 runes: barnacled, gossamer
a: Minor Destruction, Lesser Servant of Makhleb, Major Destruction, Greater
Servant of Makhleb, Renounce Religion


You were on level 3 of the Elven Halls.
You worshipped Makhleb.
Makhleb was exalted by your worship.
You were hungry.

You visited 9 branches of the dungeon, and saw 41 of its levels.
You also visited: Trove and Ossuary.

You collected 4553 gold pieces.
You spent 1935 gold pieces at shops.

Inventory:

Hand Weapons
 a - the +9 short sword "Corgh" (weapon) {vamp, rElec rF+ rC+}
   (You found it on level 5 of the Dungeon)

   It inflicts no extra harm, but heals its wielder when it wounds a living foe.
   It protects you from fire.
   It protects you from cold.
   It insulates you from electricity.
 b - a +9 quick blade of freezing
 c - the +8 arc blade {discharge, rElec}
   (You found it on level 2 of the Depths)

   It insulates you from electricity.
Missiles
 n - 131 boomerangs
 G - 26 silver javelins
 O - 7 throwing nets
 Q - 112 javelins
 R - 4 curare-tipped darts (quivered)
Armour
 g - a +2 pair of boots (worn)
 k - a +5 shield (worn)
 v - the +0 faerie dragon scales (worn) {rC+ MR+ rCorr Clar}
   (You took it off the Enchantress on level 3 of the Depths)

   It protects you from cold.
   It affects your resistance to hostile enchantments.
   It protects you against confusion.
   It provides partial protection from all sources of acid and corrosion.
 L - a +2 cloak of magic resistance (worn)
 Z - a +2 pair of gloves (worn)
Jewellery
 e - an uncursed ring of protection from fire
 B - an uncursed ring of flight
 C - an uncursed ring of resist corrosion
 E - the ring of Kasimuch (left hand) {rPois Str+3 Int+3 SInv}
   (You bought it in a shop on level 4 of the Depths)

   [ring of poison resistance]

   It affects your strength (+3).
   It affects your intelligence (+3).
   It protects you from poison.
   It lets you see invisible.
 W - a +6 ring of dexterity (right hand)
 X - the amulet "Baidui" (around neck) {Reflect rC+ rN+ SH+3 Stlth+}
   (You took it off a crimson imp on level 9 of the Dungeon)

   [amulet of reflection]

   It shields you and reflects attacks.
   It protects you from cold.
   It protects you from negative energy.
   It affects your SH (+3).
   It makes you more stealthy.
Wands
 t - a wand of clouds (14)
 J - a wand of flame (106)
 M - a wand of acid (35)
 N - a wand of scattershot (4)
Scrolls
 h - 16 scrolls of teleportation
 j - 17 scrolls of remove curse
 m - 4 scrolls of fear
 o - 8 scrolls of immolation
 x - 7 scrolls of magic mapping
 y - 10 scrolls of identify
 A - 5 scrolls of enchant weapon
 V - 3 scrolls of blinking
Potions
 d - 8 potions of might
 l - 4 potions of lignification
 q - 6 potions of agility
 r - 17 potions of curing
 s - 7 potions of haste
 u - 2 potions of heal wounds
 w - 5 potions of cancellation
 z - 7 potions of flight
 D - 5 potions of brilliance
 F - 5 potions of berserk rage
 H - a potion of resistance {unknown}
 K - 6 potions of ambrosia
 P - 5 potions of mutation
 S - 2 potions of invisibility
Books
 i - a manual of Short Blades
 I - a manual of Armour
Comestibles
 f - 83 rations
 p - 6 chunks of flesh


   Skills:
 - Level 18.6 Fighting
 + Level 17.2 Short Blades
 + Level 16.0 Armour
 - Level 21.0 Shields
 + Level 17.0 Invocations
 - Level 3.0 Evocations


You had 20 spell levels left.
You didn't know any spells.
Your spell library contained the following spells:

 Spells                   Type           Power        Failure   Level  Hunger
 Beastly Appendage        Tmut           #.....       32%         1    ##.....
 Confusing Touch          Hex            #.....       32%         1    ##.....
 Corona                   Hex            #......      32%         1    ##.....
 Flame Tongue             Conj/Fire      #....        32%         1    ##.....
 Freeze                   Ice            #...         32%         1    ##.....
 Magic Dart               Conj           #...         32%         1    ##.....
 Sandblast                Erth           #.....       32%         1    ##.....
 Sting                    Conj/Pois      #...         32%         1    ##.....
 Summon Small Mammal      Summ           #...         32%         1    ##.....
 Blink                    Tloc           N/A          43%         2    ###....
 Call Imp                 Summ           #.......     43%         2    ###....
 Passwall                 Tmut/Erth      #.......     43%         2    ###....
 Poisonous Vapours        Pois/Air       #.....       43%         2    ###....
 Searing Ray              Conj           #.....       43%         2    ###....
 Slow                     Hex            #.......     43%         2    ###....
 Song of Slaying          Chrm           #.......     43%         2    ###....
 Sticks to Snakes         Tmut           #.......     43%         2    ###....
 Sublimation of Blood     Necr           #.........   43%         2    ###....
 Swiftness                Chrm/Air       #.......     43%         2    ###....
 Throw Flame              Conj/Fire      #.....       43%         2    ###....
 Call Canine Familiar     Summ           #.......     67%         3    ####...
 Confuse                  Hex            #.......     67%         3    ####...
 Conjure Flame            Conj/Fire      #.......     67%         3    ####...
 Dazzling Spray           Conj/Hex       #.....       67%         3    ####...
 Gell's Gravitas          Tloc           #.........   67%         3    ####...
 Ignite Poison            Fire/Tmut/Pois #.......     67%         3    ####...
 Mephitic Cloud           Conj/Pois/Air  #.......     67%         3    ####...
 Recall                   Summ/Tloc      N/A          67%         3    ####...
 Spider Form              Tmut/Pois      #.........   67%         3    ####...
 Static Discharge         Conj/Air       #.......     67%         3    ####...
 Summon Guardian Golem    Hex/Summ       #.......     67%         3    ####...
 Airstrike                Air            #.........   97%         4    #####..
 Force Lance              Conj/Tloc      #.......     97%         4    #####..
 Fulminant Prism          Conj/Hex       #.........   97%         4    #####..
 Ice Form                 Ice/Tmut       #.......     97%         4    #####..
 Iskenderun's Mystic Bla  Conj           #.......     97%         4    #####..
 Leda's Liquefaction      Hex/Erth       #.........   97%         4    #####..
 Olgreb's Toxic Radiance  Pois           #.......     97%         4    #####..
 Petrify                  Tmut/Erth      #.......     97%         4    #####..
 Summon Ice Beast         Ice/Summ       #.......     97%         4    #####..
 Summon Lightning Spire   Summ/Air       #.......     97%         4    #####..
 Throw Icicle             Conj/Ice       #.......     97%         4    #####..
 Alistair's Intoxication  Tmut/Pois      #.......     100%        5    ######.
 Aura of Abjuration       Summ           #.........   100%        5    ######.
 Bolt of Magma            Conj/Fire/Erth #.........   100%        5    ######.
 Fireball                 Conj/Fire      #.........   100%        5    ######.
 Irradiate                Conj/Tmut      #.........   100%        5    ######.
 Iskenderun's Battlesphe  Conj/Chrm      #.......     100%        5    ######.
 Metabolic Englaciation   Hex/Ice        #.........   100%        5    ######.
 Summon Demon             Summ           #.........   100%        5    ######.
 Summon Forest            Summ/Tloc      #.........   100%        5    ######.
 Summon Mana Viper        Hex/Summ       #.......     100%        5    ######.
 Venom Bolt               Conj/Pois      #.........   100%        5    ######.
 Yara's Violent Unravell  Hex/Tmut       #.........   100%        5    ######.
 Iron Shot                Conj/Erth      #.........   100%        6    #######
 Shadow Creatures         Summ           N/A          100%        6    #######
 Statue Form              Tmut/Erth      #........    100%        6    #######
 Orb of Destruction       Conj           #.........   100%        7    #######
 Spellforged Servitor     Conj/Summ      #.........   100%        7    #######
 Discord                  Hex            #.........   100%        8    #######


Dungeon Overview and Level Annotations

Branches:
Dungeon (15/15)            Temple (0/1) D:5            Lair (6/6) D:11
 Shoals (4/4) Lair:3       Spider (4/4) Lair:2        Slime (1/5) Lair:5
    Orc (2/2) D:10            Elf (3/3) Orc:2        Vaults (1/5) D:14
 Depths (5/5) D:15            Zot (0/5) Depths:5    Ossuary (visited)

Altars:
Cheibriados
Dithmenos
Fedhas
Gozag
Makhleb
Qazlal
Ru
Sif Muna
Uskayaw
Vehumet
Xom
Yredelemnul
Zin
The Shining One
Beogh
Jiyva

Shops:
D:5 (   D:8 [   Orc:2 =(*[   Elf:1 *   Elf:2 !   Elf:3 %   Shoals:3 ?
Vaults:1 ?   Depths:2 [   Depths:4 :=:}}

Portals:
Hell: Depths:1 Depths:2 Depths:3 Depths:4 Depths:5
Abyss: Depths:3 Depths:4
Pandemonium: Depths:2 Depths:3
Ziggurat: Depths:1

Annotations:
D:9 1 runed translucent door
Elf:2 1 runed translucent door


Innate Abilities, Weirdness & Mutations

You have a pair of large horns on your head.
You are mostly covered in icy blue scales. (AC +3)
A powerful demonic guardian rushes to your aid.
You are mostly covered in sharp spines.
Your magical and physical power is enhanced at high health.
Scrolls take you longer to read.
Your magical capacity is low. (-10% MP)


Message History

The earth elemental is almost destroyed.
The earth elemental closely misses you.
You hit the earth elemental but do no damage.
The earth elemental is almost destroyed.
You hit the earth elemental but do no damage.
Your headbutt misses the earth elemental.
The earth elemental is almost destroyed.
Unknown command.
You hit the earth elemental but do no damage.
You headbutt the earth elemental.
You destroy the earth elemental!
You are too injured to fight recklessly!
You impale the earth elemental!!
You destroy the earth elemental!
The deep elf death mage beckons forth a restless soul!
The ghostly deep elf elementalist gestures at you while chanting.
Some walls begin to move on their own!
The deep elf master archer shoots an arrow.
The arrow hits you!!
You die...

...........#
#######.....##
........)..#
#..).......##
.........(.#
#.##########
+#.......###
#.# ###...###
##.# #####
###.(##
#E##(.#
#....##
#.@.e.#
#2#(### #.#e#
#.#)# ..#*#
###e# #e#


eee .eee. You could see a deep elf master archer, 2 deep elf annihilators, 2
deep elf death magi, a ghostly deep elf elementalist, an earth elemental, a lost
soul and a friendly cacodemon.

Vanquished Creatures
  A juggernaut (Depths:3)
  Margery (D:15)
  Saint Roka (Elf:2)
  A golden dragon (Depths:4)
  the Enchantress (Depths:3)
  A bone dragon (Depths:5)
  3 liches (Depths:4)
  A kraken (Shoals:4)
  2 deep elf blademasters (Elf:3)
  A tengu reaver (Depths:1)
  Roxanne (Shoals:1)
  2 sphinxes
  5 fire giants
  3 storm dragons
  A deep elf sorcerer (Elf:1)
  3 frost giants
  A ghost moth (Spider:4)
  Ilsuiw (Shoals:4)
  9 emperor scorpions
  An orc warlord (Orc:2)
  A draconian stormcaller (Depths:5)
  2 vault wardens (Vaults:1)
  A deep elf elementalist (Elf:2)
  A draconian shifter (Depths:5)
  6 spriggan defenders
  2 very ugly things (Depths:4)
  The ghost of LordRappington the Bludgeoner, a journeyman GrFi of Makhleb (Orc:2)
  6 stone giants
  4 entropy weavers
  A vampire knight (Depths:2)
  3 deep elf demonologists
  3 deep elf annihilators
  A green draconian (Depths:5)
  A lorocyproca (Depths:2)
  A black draconian (Depths:5)
  3 white draconians (Depths:5)
  4 spark wasps (Depths:1)
  A red draconian (Depths:5)
  5 merfolk javelineers
  3 deep elf death magi
  10 ettins
  5 merfolk impalers
  Josephine (Spider:1)
  9 fire dragons
  5 great orbs of eyes
  5 yaktaur captains
  The ghost of Johnny the Spear-Bearer, a journeyman DgGl (D:12)
  3 deep elf high priests
  A rakshasa (Depths:1)
  5 ice dragons
  5 spriggan air magi (Depths:4)
  10 hydras
  Erolcha (Orc:1)
  Harold (D:7)
  A catoblepas (Lair:6)
  2 merfolk avatars
  3 merfolk aquamancers (Shoals:4)
  3 centaur warriors (D:14)
  A death knight (Vaults:1)
  7 satyrs
  4 deep troll shamans
  25 dancing weapons
  3 two-headed ogres
  3 alligator snapping turtles
  5 tengu warriors
  A vampire mage (Depths:5)
  3 deep troll earth magi (Depths:5)
  A queen ant (Spider:1)
  A sun demon (Depths:3)
  Nergalle (D:12)
  An orc high priest (Orc:1)
  22 deep elf knights
  A shock serpent (Depths:2)
  3 spriggan berserkers (Depths:4)
  A soul eater (Depths:3)
  2 sixfirhies (Depths:2)
  A fire crab (Lair:6)
  12 hell knights
  10 deep trolls
  5 glowing orange brains
  12 sea snakes
  A torturous demonspawn (Depths:2)
  12 deep elf archers
  2 unseen horrors
  A wizard (D:14)
  A flayed ghost (Depths:4)
  A phantasmal warrior (Vaults:1)
  18 harpies
  6 orc knights
  4 necromancers
  An ironbrand convoker (Vaults:1)
  31 ugly things
  A harpy (shapeshifter) (Depths:5)
  19 wolf spiders
  13 orb spiders
  44 deep elf magi
  2 moths of wrath
  4 orc sorcerers
  A shining eye (Slime:1)
  An oklob plant (Lair:5)
  5 cyclopes
  A manticore (shapeshifter) (Depths:4)
  A cyclops (shapeshifter) (Depths:3)
  9 manticores
  14 fauns
  9 black mambas
  2 vault sentinels (Vaults:1)
  17 merfolk sirens
  5 elephants (Lair:6)
  Joseph (D:9)
  An eye of devastation (Slime:1)
  13 water nymphs
  A smoke demon (Depths:2)
  22 spiny frogs
  2 gargoyles
  An efreet (D:14)
  8 komodo dragons
  5 rime drakes
  2 komodo dragons (shapeshifter) (Depths:1)
  13 yaktaurs
  2 freezing wraiths
  A hellwing (Depths:2)
  A tengu conjurer (Depths:1)
  8 demonic crawlers
  A red devil (Depths:3)
  A polar bear (shapeshifter) (Depths:2)
  37 merfolk
  3 trolls
  A queen bee (D:10)
  3 meliai (Spider:3)
  6 hornets
  A polar bear (Lair:3)
  A queen bee (shapeshifter) (Elf:1)
  A hornet (shapeshifter) (Vaults:1)
  7 tyrant leeches
  4 wind drakes
  21 jumping spiders
  3 raiju (Depths:2)
  A hippogriff (shapeshifter) (Elf:2)
  12 slime creatures
  18 blink frogs
  4 snapping turtles
  6 dream sheep
  Sigmund (D:2)
  An ettin zombie (Depths:1)
  9 hippogriffs
  35 tarantellas
  A shadow (D:11)
  5 air elementals
  18 water elementals
  69 redbacks
  5 wyverns
  7 wraiths
  43 yaks
  A fire bat (shapeshifter) (Depths:5)
  5 spriggans
  A ynoxinul (Depths:2)
  A basilisk (Lair:5)
  16 humans (D:14)
  A basilisk (shapeshifter) (Depths:5)
  A neqoxec (Depths:3)
  2 fire elementals (Elf:2)
  A redback simulacrum (D:15)
  4 hungry ghosts
  4 vampire mosquitoes (Lair:6)
  3 soldier ants (Spider:1)
  11 wargs
  An acid dragon (Vaults:1)
  11 water moccasins
  10 porcupines
  41 orc warriors
  5 sky beasts
  2 necrophages
  7 ice beasts
  10 ogres
  A black bear (D:12)
  2 phantoms
  6 boggarts
  10 centaurs
  8 crocodiles
  A big kobold (D:7)
  2 elf zombies (Ossuary)
  2 wyvern zombies
  39 bullfrogs
  8 earth elementals
  30 scorpions
  30 killer bees
  11 wights
  5 howler monkeys
  2 electric eels
  11 crimson imps
  A bullfrog zombie (D:11)
  5 centaur zombies
  6 jellies
  19 orc wizards
  17 orc priests
  8 hounds
  2 iron imps
  3 centaur skeletons
  A gnoll shaman (Orc:2)
  An iguana (D:6)
  2 bullfrog skeletons
  16 worker ants
  2 killer bee zombies
  4 big kobold zombies (Ossuary)
  A hound zombie (D:8)
  A hound skeleton (D:11)
  4 mummies
  A howler monkey zombie (D:9)
  A worker ant zombie (D:8)
  12 adders
  13 gnolls
  10 shadow imps
  2 white imps (Depths:3)
  An ufetubus (Depths:3)
  An ooze (D:2)
  8 adder zombies
  4 worms (D:3)
  5 dart slugs
  6 leopard geckos
  An orc (shapeshifter) (Depths:4)
  99 orcs
  4 ball pythons
  3 giant cockroaches
  2 gnoll zombies (Ossuary)
  9 goblins
  10 hobgoblins
  11 jackals
  5 quokkas
  6 bats
  4 frilled lizards
  3 goblin zombies (Ossuary)
  3 hobgoblin zombies (Ossuary)
  A jackal zombie (Ossuary)
  13 kobolds
  3 kobold zombies (Ossuary)
  An orc zombie (Ossuary)
  4 quokka zombies
  5 rats
  A rat zombie (Ossuary)
  A bush (Lair:5)
  3 crawling corpses (Elf:3)
  A fungus (Lair:5)
  A plant (Lair:6)
1575 creatures vanquished.

Vanquished Creatures (collateral kills)
  A golden dragon (Depths:5)
  Nikola (Spider:4)
  Rupert (D:14)
  Jorgrun (Spider:1)
  A titan (Depths:3)
  A quicksilver dragon (Depths:3)
  3 frost giants (Depths:4)
  3 fire giants
  2 deep elf elementalists
  4 emperor scorpions
  A ghost moth (Spider:2)
  A juggernaut zombie (Depths:4)
  A juggernaut skeleton (Depths:4)
  4 stone giants
  2 very ugly things (Depths:4)
  An entropy weaver (Spider:4)
  2 deep elf annihilators (Elf:3)
  A yellow draconian (Depths:5)
  3 merfolk javelineers
  A deep elf death mage (Elf:3)
  An ettin (Depths:4)
  2 fire dragons
  2 merfolk impalers
  2 yaktaur captains
  4 hydras
  2 rakshasas
  An ice dragon (Depths:1)
  A quicksilver dragon skeleton (Depths:4)
  3 dancing weapons
  2 deep troll shamans
  2 two-headed ogres
  4 deep troll earth magi
  A spriggan berserker (Depths:3)
  A tengu warrior (Depths:4)
  A vampire mage (Depths:4)
  3 spriggans (Depths:4)
  Sonja (Lair:1)
  4 deep elf knights (Elf:2)
  A hell knight (Depths:1)
  An iron troll (Depths:4)
  A small abomination (Elf:1)
  4 deep trolls
  A glowing orange brain (Depths:3)
  3 orc knights
  A stone giant zombie (Depths:1)
  A deep elf archer (Elf:1)
  A harpy (Shoals:4)
  An orc sorcerer (Orc:2)
  3 deep elf magi
  3 fauns
  4 ugly things
  8 orb spiders
  5 wolf spiders
  A manticore (Shoals:4)
  A cyclops (D:12)
  An elephant (Lair:6)
  A torpor snail (Spider:1)
  6 spiny frogs
  3 yaktaurs
  A demonic crawler (Spider:2)
  A komodo dragon (Lair:6)
  A tormentor (Depths:3)
  8 merfolk
  6 jumping spiders
  A troll (D:10)
  4 hornets
  A tyrant leech (Lair:6)
  Grinder (D:6)
  2 hippogriffs (Lair:6)
  2 slime creatures (Depths:1)
  5 blink frogs (Lair:6)
  A dream sheep (Shoals:4)
  24 yaks
  A ynoxinul (Depths:3)
  14 redbacks
  5 tarantellas
  A fire dragon skeleton (Depths:1)
  4 water elementals
  A wraith (Vaults:1)
  A wyvern (Lair:6)
  A basilisk (Lair:6)
  A hungry ghost (D:5)
  2 vampire mosquitoes (Lair:6)
  2 wargs
  2 water moccasins
  6 orc warriors
  3 ice beasts
  3 boggarts
  A crocodile (Lair:5)
  A bullfrog (Lair:6)
  An earth elemental (Spider:4)
  4 scorpions (Spider:2)
  2 wights
  4 killer bees
  5 crimson imps
  2 jellies (D:9)
  A gnoll (Orc:2)
  4 adders
  An adder zombie (D:9)
  2 orcs
  A quokka (D:7)
  A ball python zombie (D:5)
  A plant (Shoals:4)
259 creatures vanquished.

Vanquished Creatures (others)
  A deep elf master archer (Elf:3)
  3 stone giants
  A centaur warrior (D:14)
  A dancing weapon (Elf:2)
  A sea snake (Shoals:4)
  2 deep elf archers
  An orb spider (Spider:2)
  A deep elf mage (Elf:1)
  A cyclops (D:15)
  A faun (Shoals:2)
  A wolf spider (Spider:4)
  A manticore (Shoals:3)
  2 demonic crawlers
  6 yaktaurs
  A merfolk (Shoals:3)
  A jumping spider (Spider:4)
  2 tarantellas
  2 redbacks
  An orc warrior (Orc:1)
  A crocodile (Lair:4)
  4 centaurs
  A bullfrog (Lair:6)
  2 scorpions (Spider:2)
  4 orc priests
  7 orcs
  16 fungi
  113 plants
  8 tentacles (Shoals:4)
186 creatures vanquished.

Grand Total: 2020 creatures vanquished

Notes
Turn   | Place    | Note
-------+----------+-------------------------------------------
     0 | D:1      | FishyPogo the Demonspawn Fighter began the quest for the
                  | Orb.
     0 | D:1      | Reached XP level 1. HP: 18/18 MP: 1/1
    82 | D:1      | Gained mutation: You have a pair of small horns on your
                  | head. [demonic ancestry]
    82 | D:1      | Reached XP level 2. HP: 17/24 MP: 2/2
   141 | D:1      | Reached skill level 3 in Shields
   365 | D:1      | Gained mutation: A weak demonic guardian rushes to your
                  | aid. [demonic ancestry]
   365 | D:1      | Reached XP level 3. HP: 28/29 MP: 3/3
   599 | D:2      | Found a sacrificial altar of Ru.
   636 | D:2      | Found a hide-covered altar of Uskayaw.
   636 | D:2      | Noticed a +0 dagger
   636 | D:2      | Noticed a +0 hand axe
   639 | D:2      | Noticed Sigmund
   668 | D:2      | Killed Sigmund
   668 | D:2      | Reached skill level 4 in Shields
   668 | D:2      | Gained mutation: You are partially covered in sharp spines.
                  | [demonic ancestry]
   668 | D:2      | Reached XP level 4. HP: 13/37 MP: 4/4
   668 | D:2      | Gained mutation: You are partially covered in icy blue
                  | scales. (AC +2) [demonic ancestry]
   668 | D:2      | Reached XP level 5. HP: 15/42 MP: 5/5
  1050 | D:2      | Found a glowing golden altar of the Shining One.
  1052 | D:2      | Noticed an angel
  1076 | D:2      | Found a basalt altar of Yredelemnul.
  1109 | D:2      | Noticed a profane servitor
  1379 | D:2      | Found a burning altar of Makhleb.
  1384 | D:2      | Gained mutation: A demonic guardian rushes to your aid.
                  | [demonic ancestry]
  1384 | D:2      | Reached XP level 6. HP: 45/47 MP: 4/6
  1393 | D:2      | Became a worshipper of Makhleb the Destroyer
  1566 | D:2      | Found a blossoming altar of Fedhas.
  1791 | D:3      | Reached * piety under Makhleb
  1875 | D:3      | Found a shimmering altar of Xom.
  1975 | D:3      | Reached skill level 5 in Shields
  2038 | D:3      | Found a stormy altar of Qazlal.
  2360 | D:4      | Reached XP level 7. HP: 54/54 MP: 7/7
  2423 | D:4      | Found a shimmering altar of Xom.
  2696 | D:4      | Reached ** piety under Makhleb
  3007 | D:5      | Entered Level 5 of the Dungeon
  3022 | D:5      | Found an opulent altar of Gozag.
  3057 | D:5      | Noticed a hungry ghost
  3063 | D:5      | Killed a hungry ghost
  3063 | D:5      | Reached skill level 5 in Fighting
  3137 | D:5      | Reached skill level 6 in Shields
  3186 | D:5      | Gained mutation: You are mostly covered in sharp spines.
                  | [demonic ancestry]
  3186 | D:5      | Reached XP level 8. HP: 52/61 MP: 5/8
  3255 | D:5      | Found a staircase to the Ecumenical Temple.
  3291 | D:5      | Found Gaclipte's Antique Weapon Emporium.
  3394 | D:5      | Got a pitted short sword
  3395 | D:5      | Identified the +9 short sword "Corgh" {vamp, rElec rF+ rC+}
                  | (You found it on level 5 of the Dungeon)
  3822 | D:5      | Reached skill level 5 in Armour
  3870 | D:6      | Reached skill level 5 in Short Blades
  3975 | D:6      | Reached skill level 7 in Shields
  4055 | D:6      | Noticed Grinder
  4068 | D:6      | Killed Grinder
  4068 | D:6      | Reached XP level 9. HP: 68/68 MP: 9/9
  4115 | D:6      | Noticed a two-headed ogre
  4136 | D:6      | Killed a two-headed ogre
  4235 | D:6      | Reached skill level 8 in Shields
  4366 | D:6      | Reached *** piety under Makhleb
  4697 | D:7      | Noticed Harold
  4709 | D:7      | Killed Harold
  4709 | D:7      | Reached XP level 10. HP: 69/76 MP: 8/10
  5272 | D:8      | Found Qutous's Armour Shop.
  5272 | D:8      | Found a sand-covered staircase.
  5281 | Ossuary  | Entered an ossuary
  5298 | Ossuary  | Reached skill level 9 in Shields
  5317 | Ossuary  | Reached **** piety under Makhleb
  5704 | D:8      | Found a shadowy altar of Dithmenos.
  5905 | D:8      | Found a glowing silver altar of Zin.
  6101 | D:8      | Found a snail-covered altar of Cheibriados.
  6259 | D:9      | Noticed Joseph
  6308 | D:9      | Killed Joseph
  6582 | D:9      | Found a runed translucent door.
  6585 | D:9      | Noticed a two-headed ogre
  6591 | D:9      | Identified the amulet "Baidui" {Reflect rC+ rN+ SH+3
                  | Stlth+}
  6594 | D:9      | Killed a two-headed ogre
  6600 | D:9      | Noticed a cyan ugly thing
  6611 | D:9      | Killed a cyan ugly thing
  6625 | D:9      | Got a heavily runed turquoise ring
  6628 | D:9      | Got a translucent ivory ring
  6630 | D:9      | Identified the cursed ring "Hyg Xego" {rF+ MR- Str+2
                  | Slay-2} (You found it on level 9 of the Dungeon)
  6632 | D:9      | Identified the ring "Tepewn" {Wiz +Blink rC- Dex+7 SInv}
                  | (You found it on level 9 of the Dungeon)
  6655 | D:9      | Found a shimmering blue altar of Sif Muna.
  6779 | D:9      | Found a radiant altar of Vehumet.
  6779 | D:9      | Noticed a brown ugly thing
  6793 | D:9      | Killed a brown ugly thing
  6793 | D:9      | Gained mutation: You have a pair of horns on your head.
                  | [demonic ancestry]
  6793 | D:9      | Reached XP level 11. HP: 77/85 MP: 11/11
  6874 | D:9      | Got a flickering glass ring
  6876 | D:9      | Identified the ring "Goghan" {Wiz MR- Str+4 Dex+3} (You
                  | found it on level 9 of the Dungeon)
  6972 | D:9      | Reached ***** piety under Makhleb
  7049 | D:10     | Entered Level 10 of the Dungeon
  7203 | D:10     | Found a staircase to the Orcish Mines.
  7220 | D:10     | Reached skill level 10 in Shields
  7795 | D:10     | Killed an unseen horror
  8018 | D:11     | Found a staircase to the Lair.
  8032 | D:11     | Killed an unseen horror
  8077 | D:11     | Reached skill level 10 in Short Blades
  8151 | D:11     | Reached skill level 11 in Shields
  8220 | D:11     | Reached ****** piety under Makhleb
  8237 | D:11     | Gained mutation: A powerful demonic guardian rushes to your
                  | aid. [demonic ancestry]
  8237 | D:11     | Reached XP level 12. HP: 76/93 MP: 12/12
  8912 | D:12     | Noticed Nergalle
  8935 | D:12     | Killed Nergalle
  8950 | D:12     | Noticed a two-headed ogre
  8956 | D:12     | Killed a two-headed ogre
  9148 | D:12     | Found a runed translucent door.
  9162 | D:12     | Noticed Johnny's ghost (journeyman DgGl)
  9182 | D:12     | Killed Johnny's ghost
  9338 | D:12     | Noticed a seven-headed hydra
  9359 | D:12     | Killed a seven-headed hydra
  9396 | D:12     | Found a glowing silver altar of Zin.
  9804 | D:13     | Got a polished leather armour
  9815 | D:13     | Identified the +1 leather armour of Philately {rN+ Int+4}
                  | (You found it on level 13 of the Dungeon)
  9953 | D:13     | Found a portal to a secret trove of treasure.
 10322 | D:13     | Paralysed by fainting for 12 turns
 10491 | Lair:1   | Entered Level 1 of the Lair of Beasts
 10503 | Lair:1   | Reached skill level 12 in Shields
 10873 | Lair:1   | Noticed Sonja
 10888 | Lair:1   | Killed Sonja
 11240 | Lair:1   | Reached XP level 13. HP: 102/102 MP: 13/13
 11760 | Lair:2   | Found a hole to the Spider Nest.
 11867 | Lair:2   | Reached skill level 10 in Fighting
 12921 | Lair:3   | Found a staircase to the Shoals.
 13814 | Lair:4   | Found a hide-covered altar of Uskayaw.
 14137 | Lair:4   | Reached skill level 13 in Shields
 14820 | Lair:5   | Found a viscous altar of Jiyva.
 14820 | Lair:5   | Found a staircase to the Slime Pits.
 14872 | Lair:5   | Reached skill level 1 in Invocations
 14956 | Lair:5   | You fall into a shaft and drop 1 floor!
 14956 | Lair:6   | Entered Level 6 of the Lair of Beasts
 14984 | Lair:6   | Reached skill level 10 in Armour
 15055 | Lair:6   | Reached XP level 14. HP: 93/110 MP: 16/16
 16220 | Lair:6   | Reached skill level 5 in Invocations
 16222 | Lair:6   | Reached skill level 14 in Shields
 17671 | Orc:1    | Entered Level 1 of the Orcish Mines
 17733 | Orc:1    | Found a roughly hewn altar of Beogh.
 18051 | Orc:1    | Noticed Erolcha
 18076 | Orc:1    | Killed Erolcha
 18478 | Orc:2    | Entered Level 2 of the Orcish Mines
 18609 | Orc:2    | Found Upatze's Jewellery Shop.
 18623 | Orc:2    | Noticed an orc warlord
 18663 | Orc:2    | Killed an orc warlord
 18740 | Orc:2    | Found a staircase to the Elven Halls.
 18740 | Orc:2    | Found Quplium's Antique Weapon Emporium.
 19093 | Orc:2    | Reached skill level 15 in Shields
 19254 | Orc:2    | Found Qooler's General Store.
 19357 | Orc:2    | Bought the +2 scale mail of the Forest {+Fly} for 369 gold
                  | pieces
 19403 | Orc:2    | Found Cissac's Antique Armour Shop.
 19506 | Orc:2    | Found a transporter.
 19514 | Orc:2    | Found a transporter.
 19540 | Orc:2    | Noticed LordRappington's ghost (journeyman GrFi)
 19741 | Orc:2    | Killed LordRappington's ghost
 19741 | Orc:2    | Reached XP level 15. HP: 36/120 MP: 21/21
 19918 | Spider:1 | Entered Level 1 of the Spider Nest
 19976 | Spider:1 | Noticed Jorgrun
 19991 | Spider:1 | Killed Jorgrun
 20049 | Spider:1 | Noticed Josephine
 20067 | Spider:1 | Killed Josephine
 21874 | Spider:2 | Reached skill level 10 in Invocations
 22173 | Spider:2 | Killed a ghost moth
 22834 | Spider:2 | Gained mutation: You have a pair of large horns on your
                  | head. [demonic ancestry]
 22834 | Spider:2 | Reached XP level 16. HP: 128/132 MP: 24/24
 23038 | Shoals:1 | Entered Level 1 of the Shoals
 23439 | D:14     | Found a gate to the Vaults.
 23439 | D:14     | Noticed Rupert
 24074 | D:14     | Killed Rupert
 24784 | D:15     | Entered Level 15 of the Dungeon
 25107 | D:15     | Found a staircase to the Depths.
 25315 | D:15     | Found a glowing golden altar of the Shining One.
 25768 | Spider:3 | Found the +6 shillelagh "Devastator" {shatter}
 26331 | Spider:4 | Entered Level 4 of the Spider Nest
 26863 | Spider:4 | Reached skill level 15 in Fighting
 27230 | Spider:4 | Gained mutation: You are mostly covered in icy blue scales.
                  | (AC +3) [demonic ancestry]
 27230 | Spider:4 | Reached XP level 17. HP: 142/142 MP: 26/26
 27638 | Spider:4 | Reached skill level 16 in Shields
 27688 | Spider:4 | Noticed Nikola
 27704 | Spider:4 | Killed Nikola
 27780 | Spider:4 | Got a gossamer rune of Zot
 28054 | Vaults:1 | Entered Level 1 of the Vaults
 28319 | Depths:1 | Entered Level 1 of the Depths
 28642 | Depths:1 | Noticed Margery
 29017 | D:15     | Killed Margery
 29061 | Depths:1 | Found a gateway to Hell.
 30267 | Shoals:1 | Identified Roxanne's Catalogue of Clay
 30267 | Shoals:1 | Noticed Roxanne
 30295 | Shoals:1 | Killed Roxanne
 30535 | Shoals:1 | Reached skill level 1 in Evocations
 30840 | Shoals:2 | Identified a scroll of acquirement
 30842 | Shoals:2 | Got an ivory quick blade
 30842 | Shoals:2 | Identified the +1 quick blade of Utiocupy {flame, Dex+4
                  | Stlth+} (You acquired it on level 2 of the Shoals)
 31037 | Shoals:2 | Gained mutation: Your magical and physical power is
                  | slightly enhanced at high health. [demonic ancestry]
 31037 | Shoals:2 | Reached XP level 18. HP: 138/153 MP: 25/27
 31696 | Shoals:3 | Found Zedem's Magic Scroll Emporium.
 32560 | Shoals:4 | Entered Level 4 of the Shoals
 32614 | Shoals:4 | Noticed Ilsuiw
 33289 | Shoals:4 | Reached skill level 17 in Shields
 33557 | Shoals:4 | Identified the +5 chain mail of Existentialism {rElec rPois
                  | Str-5}
 33576 | Shoals:4 | Reached skill level 18 in Shields
 33762 | Shoals:4 | Got a barnacled rune of Zot
 34101 | Shoals:4 | Killed Ilsuiw
 34336 | Slime:1  | Entered Level 1 of the Pits of Slime
 34455 | Slime:1  | Gained mutation: Scrolls take you a little longer to read.
                  | [a shining eye]
 34456 | Slime:1  | Gained mutation: Scrolls take you longer to read. [a
                  | shining eye]
 34458 | Slime:1  | Gained mutation: Your magical capacity is low. (-10% MP) [a
                  | shining eye]
 34829 | Depths:1 | Reached skill level 19 in Shields
 34902 | Depths:1 | HP: 6/154 [spark wasp (4)]
 34902 | Depths:1 | HP: 1/154 [spark wasp (5)]
 34915 | Depths:1 | Reached XP level 19. HP: 73/161 MP: 25/25
 34923 | Depths:1 | Found a gateway to a ziggurat.
 35670 | Depths:2 | Found Ficzet's Antique Armour Shoppe.
 35679 | Depths:2 | Bought a runed cloak for 247 gold pieces
 36194 | Depths:2 | Found the +8 arc blade {discharge, rElec}
 36304 | Depths:2 | Found a one-way gate leading to the halls of Pandemonium.
 36645 | Depths:3 | Reached skill level 20 in Shields
 37228 | Depths:3 | Noticed a juggernaut
 37248 | Depths:3 | Killed a juggernaut
 37276 | Depths:3 | Found a one-way gate to the infinite horrors of the Abyss.
 37288 | Depths:3 | Identified the Guide on Weightlessness and Enchantment
 38092 | Depths:4 | Found Hisac's Jewellery Shop.
 38146 | Depths:4 | Bought the ring of Kasimuch {rPois Str+3 Int+3 SInv} for
                  | 700 gold pieces
 38252 | Depths:4 | Found Suneh's Gadget Shop.
 38278 | Depths:4 | Noticed the Enchantress
 38296 | Depths:4 | Noticed a lich
 38361 | Depths:4 | HP: 4/161 [the Enchantress/+0 lajatang of venom (8)]
 38400 | Depths:3 | Killed the Enchantress
 38931 | Depths:4 | Paralysed by a great orb of eyes for 2 turns
 38940 | Depths:4 | Gained mutation: Your magical and physical power is
                  | enhanced at high health. [demonic ancestry]
 38940 | Depths:4 | Reached XP level 20. HP: 168/168 MP: 27/27
 39121 | Depths:4 | Found Qumel's Book Emporium.
 39124 | Depths:4 | Noticed a golden dragon
 39140 | Depths:4 | Killed a golden dragon
 39211 | Depths:4 | Found Ines's Gadget Shop.
 39409 | Depths:4 | Found Urehinte's Book Shop.
 39410 | Depths:4 | Found a glowing silver altar of Zin.
 39623 | Depths:5 | Entered Level 5 of the Depths
 39790 | Depths:5 | Noticed a bone dragon
 39826 | Depths:5 | Killed a bone dragon
 40371 | Depths:5 | Reached skill level 21 in Shields
 40487 | Depths:5 | Noticed a golden dragon
 40499 | Depths:5 | Killed a golden dragon
 40499 | Depths:5 | Reached skill level 15 in Short Blades
 40515 | Depths:5 | Found a gate to the Realm of Zot.
 41183 | Vaults:1 | Got a pitted hunting sling
 41184 | Vaults:1 | Identified the +1 hunting sling of Proximity {freeze,
                  | *Drain rC+ rN+ SInv} (You found it on level 1 of the
                  | Vaults)
 41250 | Vaults:1 | Found Irghuj's Magic Scroll Boutique.
 41274 | Vaults:1 | Reached XP level 21. HP: 178/178 MP: 29/29
 41322 | Vaults:1 | Bought a scroll of enchant armour for 157 gold pieces
 41879 | Shoals:3 | Bought a scroll of enchant armour for 90 gold pieces
 42554 | D:13     | You paid a toll of +3 gold dragon scales to enter a
                  | treasure trove
 42555 | Trove    | Entered a treasure trove
 42570 | Trove    | Identified Sif Muna's Volume of Boosting Shape Shifting
 42573 | Trove    | Identified Sif Muna's Handbook of the Poisonous Frostbite
 42590 | Trove    | Identified Sif Muna's Incunabulum of Fire
 42904 | Elf:1    | Entered Level 1 of the Elven Halls
 42908 | Elf:1    | Reached skill level 15 in Invocations
 43000 | Elf:1    | Found a radiant altar of Vehumet.
 43356 | Elf:1    | Identified the +7 long sword of Law {chaos, Dex+3}
 43449 | Elf:1    | Found a runed translucent gate.
 43449 | Elf:1    | Found a runed translucent gate.
 43449 | Elf:1    | Found a runed translucent gate.
 43449 | Elf:1    | Found a runed translucent gate.
 43449 | Elf:1    | Found a runed translucent gate.
 43450 | Elf:1    | Found a runed translucent gate.
 43701 | Elf:1    | Found Attenoni's General Store.
 43994 | Elf:2    | Found Doatysed's Distillery.
 44008 | Elf:2    | Reached skill level 15 in Armour
 44108 | Elf:2    | Found a runed translucent door.
 44130 | Elf:2    | Found a runed translucent door.
 44351 | Elf:2    | Noticed Saint Roka
 44377 | Elf:2    | Killed Saint Roka
 44826 | Elf:3    | Entered Level 3 of the Elven Halls
 44854 | Elf:2    | Bought a potion of curing for 36 gold pieces
 44854 | Elf:2    | Bought a potion of haste for 120 gold pieces
 44854 | Elf:2    | Bought a potion of haste for 120 gold pieces
 44854 | Elf:2    | Bought a potion of agility for 48 gold pieces
 44854 | Elf:2    | Bought a potion of agility for 48 gold pieces
 45000 | Elf:3    | Found Vempes's Food Shoppe.
 45024 | Elf:3    | Got a translucent spear
 45025 | Elf:3    | Identified the +4 spear of the Invisible Scars {pierce, rF+
                  | rN+} (You found it on level 3 of the Elven Halls)
 45269 | Elf:3    | Shot with an arrow by a deep elf master archer

Levels and vault maps discovered:
D:1:      wheals_arrival_shading, layout_rooms, kennysheep_boxes
D:2:      minmay_angry_zag, layout_basic, grunt_temple_overflow_holy_war,
          lemuel_coloured_pillars_altar, dancing_weapons_uskayaw,
          nicolae_ru_awakened_eye, makhleb_blood_cavern_becter, uniq_sigmund
D:3:      layout_rooms, grunt_qazlal_clouds, led_xom_imps
D:4:      layout_loops_corners, kennysheep_mini, corexii_shack
D:5:      kennysheep_six_static_rooms, layout_cave_pods,
          minmay_temple_entry_drinking_statues, first_ration, serial_shops,
          shop, skrybe_limestone_x,
          nicolae_gozag_cash_rules_everything_around_me
D:6:      cheibrodos_barr_body, layout_basic, uniq_grinder
D:7:      layout_basic, st_stairs_7, the_bakery, uniq_harold
D:8:      layout_loops_cross, nicolae_dithmenos_the_darkroom,
          lemuel_round_altar, slow_altar_2, enter_ossuary_1, serial_shops, shop,
          minivault_25
D:9:      minmay_the_grid_triangle_9x9_rhombus_thin_mashed
          [minmay_the_grid_triangle_9x9_subtriangle,
          minmay_the_grid_triangle_9x9_prize_special,
          minmay_the_grid_triangle_9x9_cache,
          minmay_the_grid_triangle_9x9_descending_squares], layout_small_grid,
          fiery_altar_vehumet, basic_altar, uniq_joseph
D:10:     layout_roguey, minmay_orc_entry_guard_dogs, special_room
          [special_room_bee]
D:11:     layout_roguey, erik_lair_orcish_takeover, serial_rivers,
          chequers_serial_rivers_micro_d, chequers_serial_rivers_micro_e,
          chequers_serial_rivers_large_a, chequers_serial_rivers_micro_e
D:12:     layout_rooms, ebering_ghost_reflecting_pool, basic_altar,
          uniq_nergalle
D:13:     layout_basic, trove_entry_hex_spiral
D:14:     layout_stronghold, david_vaults_3, serial_park_square1
          [serial_park_minivault_5x5_7], grunt_ministairs_10, minmay_circle_x
D:15:     grunt_enter_depths_giant_problem, layout_cave_pools, tso_metal_star
Lair:1:   layout_layer_cave, uniq_sonja
Lair:2:   layout_regular_city, dummy_spider_entry,
          cheibrodos_lair_caveside_slide
Lair:3:   cheibrodos_lair_river_kwai, layout_regular_city,
          elwin_shoals_entry_stream
Lair:4:   layout_small_grid, basic_altar
Lair:5:   layout_cave_pods, slime_altar_1, columned_hall_lemuel,
          minmay_lair_oklob_bushes, lemuel_fruit_tree
Lair:6:   minmay_lair_end_frog_pond, layout_regular_city
Shoals:1: argonaut_golden_fleece, layout_shoals, uniq_roxanne
Shoals:2: layout_shoals
Shoals:3: layout_shoals, serial_shops, shop
Shoals:4: shoals_end_grunt_garden, layout_shoals, shoals_ilsuiw_ice
Spider:1: layout_spider_delve, nicolae_spider_ant_collections, uniq_jorgrun,
          uniq_josephine
Spider:2: spiders_nest_a, nicolae_orb_stairs
Spider:3: layout_spider_delve, drop_trap, nicolae_spider_stair_cavern
Spider:4: grunt_spider_rune_circles, drop_trap, hangedman_stitches_earthworm,
          uniq_nikola
Slime:1:  layout_caves
Orc:1:    minmay_goldmine, layout_caves, basic_altar, uniq_erolcha
Orc:2:    grunt_orc_gardens, layout_diamond_mine, grunt_orc_garden,
          grunt_orc_garden, grunt_orc_garden, grunt_orc_garden, special_room,
          gammafunk_ghost_arena
Elf:1:    eino_elf_arrival_altar, layout_gridlike, serial_shops, shop,
          orc_legates
Elf:2:    layout_geoelf_diagonals, serial_shops, nicolae_shop_window_shopping,
          uniq_saint_roka
Elf:3:    elf_hall, layout_geoelf_diagonals, serial_shops, shop
Vaults:1: hangedman_vaults_river_flow, v_misc_17, v_misc_13,
          vaults_room_ringed_pool, nicolae_vaults_ring_of_whatevers,
          ontoclasm_vaults_loading_screen, v_misc_5, v_misc_27,
          nicolae_vaults_mini_display_case, layout_vaults_omnicross,
          serial_shops, nicolae_shop_window_shopping
Depths:1: layout_roguey, enter_ziggurat_b, minmay_holes, grunt_metal_band,
          kennysheep_decorative_pillar, minmay_misc_feat_doors,
          kennysheep_opposing_triangles
Depths:2: minmay_shoctagon, layout_basic, hell_entry, serial_shops, shop,
          rand_demon_pan_entry_7, kennysheep_generic_room_2,
          infiniplex_staircase_spiral, grunt_megastairs_4, serial_bayou_shore_b
Depths:3: cross_vault, layout_cave_pools, pf_dread_powers_of_hell, abyss_entry,
          grunt_pan_entry_sceptre
Depths:4: minmay_expanding_squares, layout_long_grid, abyss_entry,
          lemuel_statue_altar, serial_shops, shop, shop, nicolae_shop_stone,
          shop, shop, grunt_hell_entry_dis_grunt, uniq_enchantress
Depths:5: grunt_zot_entry_gee_three, layout_gridlike, minmay_misc_feat_enclosed,
          hell_entry

Skill      XL: |  1  2  3  4  5  6  7  8  9 10 11 12 13 14 15 16 17 18 19 20 21 |
---------------+----------------------------------------------------------------+-----
Short Blades   | 2 4 5 7 8 10 11 12 13 14 15 17 | 17.2
Shields        | 3 4 5 6 7 8 9 11 12 13 15 16 19 20 21 | 21.0
Armour         | 3 4 5 6 7 8 9 10 11 12 13 16 | 16.0
Fighting       | 4 5 6 7 8 9 10 12 13 15 16 17 18 | 18.6
Invocations    | 3 8 10 12 13 14 17 | 17.0
Evocations     | 1 3 |  3.0

Action                   |  1- 3 |  4- 6 |  7- 9 | 10-12 | 13-15 | 16-18 | 19-21 || total
-------------------------+-------+-------+-------+-------+-------+-------+-------++-------
Melee: Rapier            |    96 |    62 |       |       |       |       |    60 ||   218
       Headbutt          |     6 |    23 |    50 |   217 |   540 |   653 |   629 ||  2118
       Unarmed           |    11 |       |       |       |       |       |       ||    11
       Dagger            |       |    64 |    76 |       |       |       |       ||   140
       Short sword       |       |       |   159 |   947 |  1621 |  1558 |  1533 ||  5818
       Quick blade       |       |       |       |       |       |   475 |   116 ||   591
Throw: Stone             |       |       |     1 |       |       |       |       ||     1
       Dart              |       |       |     6 |    14 |     7 |    31 |    16 ||    74
       Boomerang         |       |       |       |       |    21 |    23 |       ||    44
       Javelin           |       |       |       |       |     2 |     4 |    12 ||    18
Invok: Minor Destruction |       |       |     6 |    32 |   313 |   265 |    95 ||   711
       Greater Servant o |       |       |       |       |       |     2 |     5 ||     7
 Abil: Evoke Flight      |       |       |       |       |       |    32 |       ||    32
       Stop Flying       |       |       |       |       |       |     4 |       ||     4
  Use: Potion            |     1 |       |       |     1 |     4 |     9 |     7 ||    22
       Scroll            |       |     1 |       |    19 |     8 |    12 |    14 ||    54
 Stab: Distracted        |       |       |     1 |     4 |     8 |     4 |     5 ||    22
       Sleeping          |       |       |       |    10 |     7 |       |     5 ||    22
       Invisible         |       |       |       |       |     1 |       |       ||     1
       Held in net/web   |       |       |       |       |       |     1 |       ||     1
  Eat: Chunk             |       |     5 |     9 |    19 |    34 |    34 |    28 ||   129
       Ration            |       |       |       |     1 |     1 |     4 |     1 ||     7
Armor: Scale mail        |    54 |    34 |    70 |    40 |     7 |       |       ||   205
       Skin              |     8 |       |       |       |       |       |       ||     8
       Leather armour    |       |       |       |    96 |    79 |       |       ||   175
       Plate armour      |       |       |       |       |    21 |       |       ||    21
       Chain mail        |       |       |       |       |   287 |   644 |   200 ||  1131
       Acid dragon scale |       |       |       |       |       |       |    81 ||    81
Dodge: Dodged            |    28 |    27 |    35 |   153 |   267 |   286 |   123 ||   919
Block: Shield            |    57 |    64 |    73 |   479 |   989 |  1218 |   958 ||  3838
       Reflection        |       |       |       |    15 |    14 |   140 |   114 ||   283
